 Dungeon Crawl Stone Soup version 0.24.0-123-gd5b16e6ec5 (webtiles) character file.

Game seed: 4471607135709732490, levelgen mode: deterministic

95 LowPressure the Ruffian (level 4, -14/44 HPs)
             Began as a Troll Monk on Jan 6, 2020.
             Was a Priest of Cheibriados.
             Demolished by an ogre
             ... wielding a +0 giant spiked club
              (24 damage)
             ... on level 4 of the Dungeon.
             The game lasted 00:11:54 (1859 turns).

LowPressure the Ruffian (Troll Monk)                Turns: 1859, Time: 00:11:55

Health: -14/44     AC:  6    Str: 28    XL:     4   Next: 40%
Magic:  0/3        EV: 11    Int: 14    God:    Cheibriados [***...]
Gold:   170        SH:  0    Dex: 20    Spells: 3/3 levels left

rFire    . . .     SeeInvis .     - Unarmed
rCold    . . .     Gourm    +   (no shield)
rNeg     . . .     Faith    .   a - +0 robe
rPois    .         Spirit   .   (helmet restricted)
rElec    .         Reflect  .   s - scarf {repulsion}
rCorr    .         Harm     .   (gloves unavailable)
MR       .....                  (boots unavailable)
Stlth    ++........             (no amulet)
HPRegen  0.54/turn              (no ring)
MPRegen  0.08/turn              (no ring)

@: repel missiles, very slow
A: large, unfitting armour, claws 3, fast metabolism 3, gourmand, regeneration
1, shaggy fur 1, tough skin 3
a: Bend Time, Temporal Distortion, Renounce Religion


You were on level 4 of the Dungeon.
You worshipped Cheibriados.
Cheibriados was most pleased with you.
You were completely stuffed.

You visited 1 branch of the dungeon, and saw 4 of its levels.

You collected 170 gold pieces.

Inventory:

Hand Weapons
 j - a +2 dagger of electrocution
Armour
 a - a +0 robe (worn)
 h - a +2 cloak
 s - a scarf of repulsion (worn)
Jewellery
 d - an uncursed ring of teleportation
Wands
 l - a wand of paralysis (10)
Scrolls
 c - a scroll of blinking {unknown}
 e - a scroll of enchant armour
 k - 5 scrolls of identify
 n - a scroll of teleportation
Potions
 f - a potion of flight
 g - a potion of degeneration {unknown}
 m - a potion of lignification {unknown}
 o - 2 potions of curing
 p - a potion of invisibility {unknown}
 r - a potion of resistance {unknown}
Comestibles
 b - 7 rations
 i - a chunk of flesh


   Skills:
 + Level 2.8 Fighting
 + Level 3.0 Dodging
 - Level 1.2 Stealth
 + Level 3.9 Unarmed Combat
 * Level 1.0 Invocations


You had 3 spell levels left.
You didn't know any spells.
Your spell library was empty.

Dungeon Overview and Level Annotations

Branches:
Dungeon (4/15)
 Temple: D:4-7

Altars:
Cheibriados
Gozag

Shops:
D:2 *

Annotations:
D:4 Edmund, Robin


Innate Abilities, Weirdness & Mutations

You are too large for most types of armour.
You have claws for hands.
Your metabolism is lightning-fast.
You like to eat raw meat.
Your natural rate of healing is unusually fast.
You are covered in fur. (AC +1)
You have extremely tough skin. (AC +3)


Message History

The goblin hits you with a +0 dagger. Robin throws the goblin at you!
The goblin barely misses you.
The goblin hits you but does no damage. x3
The goblin barely misses you.
Unknown command.
An adder skeleton comes into view.
Edmund hits you with a +0 flail of protection.
* * * LOW HITPOINT WARNING * * *
Robin completely misses you. The goblin barely misses you.
The hobgoblin hits you but does no damage.
The ogre barely misses you. Robin throws the goblin at you!
Edmund closely misses you.
It was a potion of curing.
You feel better. The hobgoblin closely misses you. Robin barely misses you.
The goblin barely misses you.
You claw Robin!
Robin is almost dead.
Edmund hits you with a +0 flail of protection.
* * * LOW HITPOINT WARNING * * *
The ogre hits you with a +0 giant spiked club!!
Ouch! That really hurt!
You die...

#. ##.####
#.....#
#.....#
#.....#
#.....#
#.ggg.#
#####..@gg#
...?..@gOg#
...Z...g..#
..........#
..........#
.....######
..... .....
....


You could see Edmund, an ogre, Robin, a hobgoblin, 6 goblins and an adder
skeleton.

Vanquished Creatures
  An adder (D:2)
  An ooze (D:1)
  A worm (D:3)
  5 leopard geckos
  6 orcs (D:3)
  3 ball pythons
  4 giant cockroaches
  9 goblins
  9 hobgoblins
  2 jackals (D:3)
  6 bats
  5 kobolds
  11 rats
63 creatures vanquished.

Notes
Turn   | Place    | Note
-------+----------+-------------------------------------------
     0 | D:1      | LowPressure the Troll Monk began the quest for the Orb.
     0 | D:1      | Reached XP level 1. HP: 22/22 MP: 0/0
    70 | D:1      | Reached XP level 2. HP: 27/29 MP: 1/1
   199 | D:1      | Found a snail-covered altar of Cheibriados.
   213 | D:1      | Became a worshipper of Cheibriados the Contemplative
   213 | D:1      | Reached * piety under Cheibriados
   213 | D:1      | Reached ** piety under Cheibriados
   370 | D:1      | Reached XP level 3. HP: 36/36 MP: 2/2
   641 | D:2      | Found an opulent altar of Gozag.
   913 | D:2      | Reached *** piety under Cheibriados
  1047 | D:2      | Found Gozag's Platinum Reserve.
  1392 | D:3      | Reached XP level 4. HP: 33/44 MP: 3/3
  1850 | D:4      | Noticed Edmund
  1850 | D:4      | Noticed Robin
  1850 | D:4      | Noticed an ogre
  1853 | D:4      | Reached skill level 1 in Invocations
  1859 | D:4      | Demolished by an ogre

Levels and vault maps discovered:
D:1:      ebering_trefoil_3fold, layout_loops_ring,
          hangedman_decor_clover_reticule, cheibriados_altar_1
D:2:      layout_loops_ring, nicolae_gozag_zags_fifth_avenue
D:3:      layout_loops_ring
D:4:      layout_basic, uniq_crazy_yiuf_cottage, uniq_eustachio, uniq_edmund,
          uniq_robin

Skill      XL: |  1  2  3  4 |
---------------+-------------+-----
Dodging        | 3 |  3.0
Invocations    | 1 |  1.0
Fighting       | |  2.8
Stealth        | |  1.2
Unarmed Combat | |  3.9

Action                   |  1- 3 |  4- 6 || total
-------------------------+-------+-------++-------
Melee: Unarmed           |   118 |    30 ||   148
       Punch             |     2 |     1 ||     3
Invok: Bend Time         |       |     1 ||     1
  Use: Scroll            |     5 |       ||     5
       Potion            |       |     1 ||     1
 Stab: Sleeping          |     3 |     4 ||     7
  Eat: Chunk             |    15 |     3 ||    18
Armor: Robe              |    37 |    15 ||    52
Dodge: Dodged            |    63 |    30 ||    93
